 Dungeon Crawl Stone Soup version 0.29.0-4-gdea44cf6ec (webtiles) character file.

Game seed: 13566127263742076454

11 qw the Sneak (level 2, 0/19 HPs)
             Began as a Gargoyle Delver on Sept 10, 2022.
             Killed from afar by Sigmund (9 damage)
             ... with a magic dart
             ... on level 5 of the Dungeon.
             The game lasted 00:00:05 (487 turns).

qw the Sneak (Gargoyle Delver)                       Turns: 487, Time: 00:00:06

Health: 0/19       AC:  5    Str: 15    XL:     2   Next: 25%
Magic:  2/2        EV: 11    Int: 10    God:
Gold:   0          SH:  0    Dex: 11    Spells: 1/1 levels left

rFire   . . .      SeeInvis .   a - +0 hand axe
rCold   . . .      Faith    .   (no shield)
rNeg    + . .      Spirit   .   b - +0 leather armour
rPois   inf        Reflect  .   (no helmet)
rElec   +          Harm     .   (no cloak)
rCorr   .          Rampage  .   (no gloves)
Will    .....                   (no boots)
Stlth   +.........              (no amulet)
HPRegen 0.06/turn               (no ring)
MPRegen 0.08/turn               (no ring)

@: confused
A: sickness immunity, AC +2, negative energy resistance 1, electricity
resistance, torment resistance 1, petrification resistance
a: no special abilities


You were on level 5 of the Dungeon.
You visited 1 branch of the dungeon, and saw 1 of its levels.


Innate Abilities, Weirdness & Mutations

You are immune to sickness and miasma.
Your stone body is resilient. (AC +2)
You are immune to poison.
You resist negative energy. (rN+)
You are resistant to electric shocks. (rElec)
You are resistant to unholy torment.
You are immune to petrification.


   Skills:
 - Level 3.2 Fighting
 + Level 2.6 Axes
 - Level 1.5 Dodging
 - Level 5.4 Stealth


You had one spell level left.
You didn't know any spells.
Your spell library was empty.

Inventory:

Hand Weapons
 a - a +0 hand axe (weapon)
Armour
 b - a +0 leather armour (worn)
Wands
 g - a wand of digging (3)
Scrolls
 c - a scroll of fog
 d - a scroll of magic mapping
 e - a scroll of fear
Potions
 f - a potion of haste

Dungeon Overview and Level Annotations

Branches:
Dungeon (5/15)
 Temple: D:4-7

Altars:

Annotations:
D:5 Sigmund


Message History

The adder is severely wounded.
The adder barely misses you.
You hit the adder.
You kill the adder!
Your Axes skill increases to level 2!
You have reached level 2!
You start resting.
HP restored.
You see here an adder corpse.
416 ||| Stepping ~*~*~tactically~*~*~ (hiding).
You start waiting.
A gnoll comes into view. It is wielding a +0 club.
471 ||| Stepping ~*~*~tactically~*~*~ (stealth).
475 ||| Stepping ~*~*~tactically~*~*~ (stealth).
Sigmund shouts!
You see here an adder corpse.
The orc shouts!
Sigmund barely misses you.
You hit Sigmund but do no damage. Sigmund hits you but does no damage.
The orc hits you but does no damage.
You hit Sigmund.
Sigmund is moderately wounded.
You barely miss the orc. The orc barely misses you.
Sigmund casts a spell at you.
You are confused.
You're too confused to move!
The orc barely misses you.
Sigmund hits you with a +0 scythe of venom!
Ouch! That really hurt!
You hit the orc.
The orc is heavily wounded.
You miss Sigmund. The orc hits you but does no damage.
You hit the orc.
You kill the orc!
You closely miss Sigmund. Sigmund barely misses you.
Sigmund gestures at you while chanting. The magic dart hits you!
You die...

...# .. .#..
#...##.##.#...
###............###.
#..........$.......
#..................
#..............!...
#>...............#
##....)..........#
#....>..%.@..#
#.....#....@.#
#...#....##)).....
#...#....# .....##
### #......##...#
#.......#....#
#............##
##..#..........
######..## ..#


You could see Sigmund.

Vanquished Creatures
  An adder (D:5)
  An orc (D:5)
2 creatures vanquished.

Notes
Turn   | Place    | Note
-------+----------+-------------------------------------------
     0 | D:5      | qw the Gargoyle Delver began the quest for the Orb.
     0 | D:5      | Reached XP level 1. HP: 14/14 MP: 1/1
     0 | D:5      | 0 ||| qw: Version: 0.1-a-116-g5d60599
     0 | D:5      | 0 ||| qw: Game counter: 8462
     0 | D:5      | 0 ||| qw: Always use a shield: true
     0 | D:5      | 0 ||| qw: God list: Okawaru
     0 | D:5      | 0 ||| qw: Allow faded altars: false
     0 | D:5      | 0 ||| qw: Do Orc after D:15 true
     0 | D:5      | 0 ||| qw: Do second Lair branch before Depths: true
     0 | D:5      | 0 ||| qw: Lair rune preference: random
     0 | D:5      | 0 ||| qw: Plans: Normal
     0 | D:5      | 0 ||| PLANNING D:1-11
     0 | D:5      | Noticed Sigmund
     2 | D:5      | 2 ||| Stepping ~*~*~tactically~*~*~ (hiding).
   104 | D:5      | 104 ||| Stepping ~*~*~tactically~*~*~ (hiding).
   206 | D:5      | 206 ||| Stepping ~*~*~tactically~*~*~ (hiding).
   308 | D:5      | 308 ||| Stepping ~*~*~tactically~*~*~ (hiding).
   329 | D:5      | Reached XP level 2. HP: 13/19 MP: 2/2
   416 | D:5      | 416 ||| Stepping ~*~*~tactically~*~*~ (hiding).
   471 | D:5      | 471 ||| Stepping ~*~*~tactically~*~*~ (stealth).
   475 | D:5      | 475 ||| Stepping ~*~*~tactically~*~*~ (stealth).
   487 | D:5      | Killed from afar by Sigmund

Levels and vault maps discovered:
D:5:      layout_cave_pools, nicolae_ashenzari_skybound, kennysheep_little_box,
          uniq_sigmund, uniq_blork_the_orc

Skill      XL: |  1 |
---------------+----+-----
Axes           | 2 |  2.6
Fighting       | |  3.2
Dodging        | |  1.5
Stealth        | |  5.4

Action                   || total
-------------------------++-------
Melee: Hand axe          ||    12
Armor: Leather armour    ||     6
Dodge: Dodged            ||    10

Table legend:
 A = Non-vault XP
 B = Vault XP
 C = Vault XP percentage of total XP
 D = Non-vault monster count
 E = Vault monster count
 F = Vault count percentage of total count
                 A         B        C        D         E       F
            +---------+---------+-------+---------+---------+-------
      Total |      16 |       0 |   0.0 |       2 |       0 |   0.0
            +---------+---------+-------+---------+---------+-------
        D:5 |      16 |       0 |   0.0 |       2 |       0 |   0.0
            +---------+---------+-------+---------+---------+-------
